Connexion

LAS VEGAS Golden Knights vs ANAHEIM Ducks (R1)

Created - 23 novembre 2023 at 05:50

Goals
1 2 3 OT1 SO T
LAS VEGAS Golden Knights 1 1 1 0 2 3
ANAHEIM Ducks 0 1 2 0 3 4
Shots
1 2 3 OT1 SO T
LAS VEGAS Golden Knights 4 6 5 1 4 16
ANAHEIM Ducks 5 6 14 4 4 29

GoalsPenalties
1st period
1. LAS VEGAS Golden Knights , Ryan Nugent-Hopkins 17 (Keegan Kolesar 4, Jayce Hawryluk 1) at 2:58
Dakota Joshua (ANA) for Holding (Minor) at 3:01
Nikita Zaitsev (L-V) for Hooking (Minor) at 5:50
Cole Caufield (L-V) for Hooking (Minor) at 14:33
David Savard (ANA) for Cross-checking (Minor) at 17:50
2nd period
2. ANAHEIM Ducks , Andrew Mangiapane 13 (Ondrej Kase 15, David Savard 25) at 12:59 (PP)
3. LAS VEGAS Golden Knights , Jayce Hawryluk 1 (Keegan Kolesar 5, Nikita Zaitsev 24) at 19:44
Brady Skjei (L-V) for Tripping (Minor) at 9:19
Brady Skjei (L-V) for Holding (Minor) at 11:31
Dylan Demelo (ANA) for High sticking (Minor) at 16:14
Jakub Zboril (L-V) for Tripping (Minor) at 19:50
3rd period
4. ANAHEIM Ducks , David Savard 4 (Alexis Lafreniere 20, Elias Lindholm 16) at 0:08 (PP)
5. ANAHEIM Ducks , Andrew Mangiapane 14 (Gustav Forsling 24, Daniel Sprong 6) at 2:58
6. LAS VEGAS Golden Knights , Filip Hronek 4 (Alex Galchenyuk 20, Artem Anisimov 12) at 7:27 (PP)
Ryan Nugent-Hopkins (L-V) for Hooking (Minor) at 3:32
David Savard (ANA) for Hooking (Minor) at 6:23
Luke Kunin (L-V) for Diving (Minor) at 14:45
Jakub Zboril (L-V) for Elbowing (Minor) at 19:32
Overtime #1
No Goal
Shootout
LAS VEGAS Golden Knights, Ryan Nugent-Hopkins - Stopped by Kaapo Kahkonen
ANAHEIM Ducks , Elias Lindholm - Goal!
LAS VEGAS Golden Knights, Pavel Zacha - Goal!
ANAHEIM Ducks , Andrew Mangiapane - Stopped by Ilya Sorokin
LAS VEGAS Golden Knights, J.T. Miller - Goal!
ANAHEIM Ducks , Alexis Lafreniere - Goal!
LAS VEGAS Golden Knights, Alex Galchenyuk - Stopped by Kaapo Kahkonen
ANAHEIM Ducks , Ondrej Kase - Goal!
Goalie Stats
Ilya Sorokin (L-V), 26 saves from 29 shots - (0,897), OTL, 14-14-5, 65:00 minutes
Kaapo Kahkonen (ANA), 13 saves from 16 shots - (0,813), W, 3-6-4, 65:00 minutes
3 StarsOfficial
1 - Andrew Mangiapane (ANA)
2 - Jayce Hawryluk (L-V)
3 - Keegan Kolesar (L-V)
Referees : Chris Lee and Dennis LaRue
Linesman : Brad Lazarowich and Andy McElman
Game Note
No Game Note
Finance
Level 1 -- Attendance: 3223 (53,72%) -- Ticket Income 570 471 $
Level 2 -- Attendance: 4174 (100,00%) -- Ticket Income 354 790 $
Level 3 -- Attendance: 1304 (65,20%) -- Ticket Income 91 280 $
Level 4 -- Attendance: 2103 (52,58%) -- Ticket Income 109 356 $
Luxury Box -- Attendance: 251 (25,10%) -- Ticket Income 225 900 $
Game was played at the Honda Center.
Total Attendance: 11055 (64,37%)
Total Ticket Income: 1 351 797 $
Other Income: 270 359 $
Total Income: 1 622 156 $



Team Name Goals Shots Shots Attemp Shots Blocked PIM HIT PP PK FO%
LAS VEGAS Golden Knights 31652816191 / 4 (25%)240%
ANAHEIM Ducks 42962108212 / 8 (25%)160%

LAS VEGAS Golden Knights
Player Name POS G A P +/- PIM HIT SHT SB MP PP MP PP SHT PK MP PK SHT FO% FOT
Alex GalchenyukC/LW0110021023:063:4904:21042% 24
Alex KerfootC/LW000-1021013:270:0000:00040% 10
Artem AnisimovC/LW0110001016:303:4900:0000% 0
Brady SkjeiD000-1420211:520:0900:0000% 0
Cole CaufieldRW000-1211114:320:0002:1900% 5
Filip HronekD1011012128:343:4917:4600% 0
J.T. MillerC/LW/RW0000003019:503:1213:240100% 2
Jack JohnsonD000-1010313:530:0002:0800% 0
Jakub ZborilD0001440125:433:4905:5300% 0
Jayce HawrylukC/RW112201102:420:0000:0000% 2
Keegan KolesarRW022200002:420:0000:000100% 1
Kirill MarchenkoRW000000000:030:0000:0000% 0
Luke KuninC/RW0000220016:293:4900:0000% 0
Nick SeelerD0001000023:373:0306:1500% 0
Nikita ZaitsevD0111201022:483:1215:1800% 0
Pavel ZachaC/LW0000014026:513:1228:12020% 5
Philip KurashevC/LW/RW000-1010013:500:0000:21067% 3
Ryan Nugent-HopkinsC/LW1012211026:153:1207:11042% 36
ANAHEIM Ducks
Player Name POS G A P +/- PIM HIT SHT SB MP PP MP PP SHT PK MP PK SHT FO% FOT
Alexis LafreniereLW011-1014114:466:0620:000100% 2
Andrew MangiapaneLW2020025017:596:0220:00050% 2
Caleb JonesD0000001026:235:3313:2700% 0
Colton SissonsC/LW/RW000-1020018:055:1404:11073% 22
Dakota JoshuaC000022109:520:4800:20036% 11
Daniel SprongLW/RW0110001016:000:0002:29067% 3
David SavardD1120412023:025:3312:2400% 0
Dylan DemeloD000-1201014:040:0001:4700% 0
Elias LindholmC/RW0110021018:036:0610:00062% 21
Evan RodriguesC/LW/RW0000012019:386:0610:00069% 16
Gustav ForslingD0110001325:156:3513:0600% 0
Jake EvansC/RW000-1011011:530:0002:3000% 4
Jordan OesterleD000-1030212:300:0000:1200% 0
Justin HollD0000051325:156:3513:0600% 0
Lars EllerC/LW0000011012:020:0004:310100% 1
Lukas VejdemoC/LW/RW000000118:410:0000:00050% 4
Ondrej KaseLW/RW0110006022:276:0220:0100% 1
Sonny MilanoLW/RW0000000013:320:0000:000100% 1



Play-by-Play

1st period


0:01 of 1st period - Evan Rodrigues wins face-off versus Ryan Nugent-Hopkins in neutral zone.
0:55 of 1st period - Icing by Ondrej Kase.
0:56 of 1st period - Alex Galchenyuk wins face-off versus Evan Rodrigues in ANAHEIM Ducks zone.
0:59 of 1st period - Shot by Alex Galchenyuk.
0:59 of 1st period - Shot Misses the Net.
1:48 of 1st period - Justin Holl is hit by Philip Kurashev and loses puck.
2:06 of 1st period - Cole Caufield is hit by Andrew Mangiapane and loses puck.
2:56 of 1st period - Shot by Keegan Kolesar.
2:56 of 1st period - Shot Blocked by Jordan Oesterle.
2:58 of 1st period - Shot by Ryan Nugent-Hopkins.
2:58 of 1st period - Goal by Ryan Nugent-Hopkins - LAS VEGAS Golden Knights : 1 - ANAHEIM Ducks : 0.
2:59 of 1st period - Ryan Nugent-Hopkins wins face-off versus Dakota Joshua in neutral zone.
2:59 of 1st period - Filip Hronek is hit by Lars Eller and loses puck.
3:01 of 1st period - Minor Penalty to Dakota Joshua for Holding.
3:02 of 1st period - Colton Sissons wins face-off versus Ryan Nugent-Hopkins in ANAHEIM Ducks zone.
4:51 of 1st period - Shot by Pavel Zacha.
4:51 of 1st period - Stopped by Kaapo Kahkonen without a rebound.
4:52 of 1st period - Ryan Nugent-Hopkins wins face-off versus Daniel Sprong in ANAHEIM Ducks zone.
5:08 of 1st period - Icing by Ondrej Kase.
5:09 of 1st period - Evan Rodrigues wins face-off versus Alex Kerfoot in ANAHEIM Ducks zone.
5:09 of 1st period - Evan Rodrigues is hit by Alex Kerfoot.
5:24 of 1st period - Cole Caufield is hit by Jordan Oesterle and loses puck.
5:27 of 1st period - Shot by Cole Caufield.
5:27 of 1st period - Shot Misses the Net.
5:33 of 1st period - Shot by Alex Kerfoot.
5:33 of 1st period - Stopped by Kaapo Kahkonen without a rebound.
5:34 of 1st period - Daniel Sprong wins face-off versus Alex Galchenyuk in ANAHEIM Ducks zone.
5:34 of 1st period - Daniel Sprong is hit by Alex Galchenyuk.
5:50 of 1st period - Minor Penalty to Nikita Zaitsev for Hooking.
5:51 of 1st period - Elias Lindholm wins face-off versus Ryan Nugent-Hopkins in LAS VEGAS Golden Knights zone.
6:07 of 1st period - Icing by Alexis Lafreniere.
6:08 of 1st period - Elias Lindholm wins face-off versus Ryan Nugent-Hopkins in ANAHEIM Ducks zone.
6:08 of 1st period - Evan Rodrigues is hit by Pavel Zacha.
6:25 of 1st period - Elias Lindholm is hit by Jakub Zboril and loses puck.
6:56 of 1st period - Evan Rodrigues is hit by Ryan Nugent-Hopkins and loses puck.
7:51 of 1st period - Shot by Lukas Vejdemo.
7:51 of 1st period - Shot Blocked by Jack Johnson.
7:53 of 1st period - Shot by Dylan Demelo.
7:53 of 1st period - Stopped by Ilya Sorokin with a rebound.
7:55 of 1st period - Shot by Jordan Oesterle.
7:55 of 1st period - Shot Blocked by Cole Caufield.
8:22 of 1st period - Icing by Jack Johnson.
8:23 of 1st period - Evan Rodrigues wins face-off versus Alex Kerfoot in LAS VEGAS Golden Knights zone.
8:32 of 1st period - Shot by Ondrej Kase.
8:32 of 1st period - Deflect By Evan Rodrigues.
8:32 of 1st period - Shot Misses the Net.
8:34 of 1st period - Shot by Ondrej Kase.
8:34 of 1st period - Stopped by Ilya Sorokin without a rebound.
8:35 of 1st period - Colton Sissons wins face-off versus Alex Galchenyuk in LAS VEGAS Golden Knights zone.
8:35 of 1st period - David Savard is hit by Jakub Zboril and loses puck.
8:57 of 1st period - Alexis Lafreniere is hit by Filip Hronek and loses puck.
9:03 of 1st period - Alexis Lafreniere is hit by Jakub Zboril.
9:07 of 1st period - Shot by Colton Sissons.
9:07 of 1st period - Shot Misses the Net.
9:09 of 1st period - Shot by Jake Evans.
9:09 of 1st period - Stopped by Ilya Sorokin without a rebound.
9:10 of 1st period - Evan Rodrigues wins face-off versus Ryan Nugent-Hopkins in LAS VEGAS Golden Knights zone.
9:23 of 1st period - Shot by Pavel Zacha.
9:23 of 1st period - Deflect By Ryan Nugent-Hopkins.
9:23 of 1st period - Shot Misses the Net.
9:29 of 1st period - Nikita Zaitsev is hit by Evan Rodrigues and loses puck.
10:28 of 1st period - Icing by Jordan Oesterle.
10:29 of 1st period - Elias Lindholm wins face-off versus Alex Galchenyuk in ANAHEIM Ducks zone.
10:31 of 1st period - Jordan Oesterle is hit by Alex Galchenyuk and loses puck.
10:41 of 1st period - Filip Hronek is hit by Andrew Mangiapane and loses puck.
11:14 of 1st period - Off-side.
11:15 of 1st period - Colton Sissons wins face-off versus Philip Kurashev in neutral zone.
11:29 of 1st period - Shot by Philip Kurashev.
11:29 of 1st period - Deflect By Alex Kerfoot.
11:29 of 1st period - Shot Misses the Net.
11:31 of 1st period - Shot by Jack Johnson.
11:31 of 1st period - Shot Blocked by Alexis Lafreniere.
11:36 of 1st period - Alex Kerfoot is hit by David Savard.
12:50 of 1st period - Shot by Alex Galchenyuk.
12:50 of 1st period - Shot Hit the Post.
12:52 of 1st period - Shot by Nikita Zaitsev.
12:52 of 1st period - Shot Misses the Net.
13:00 of 1st period - Nikita Zaitsev is hit by Jake Evans and loses puck.
13:06 of 1st period - Icing by Luke Kunin.
13:07 of 1st period - Evan Rodrigues wins face-off versus Alex Galchenyuk in LAS VEGAS Golden Knights zone.
13:39 of 1st period - Evan Rodrigues is hit by Luke Kunin and loses puck.
14:16 of 1st period - Icing by Dakota Joshua.
14:17 of 1st period - Dakota Joshua wins face-off versus Cole Caufield in ANAHEIM Ducks zone.
14:33 of 1st period - Minor Penalty to Cole Caufield for Hooking.
14:34 of 1st period - Ryan Nugent-Hopkins wins face-off versus Andrew Mangiapane in LAS VEGAS Golden Knights zone.
14:34 of 1st period - Ryan Nugent-Hopkins is hit by Colton Sissons.
16:41 of 1st period - Shot by Lars Eller.
16:41 of 1st period - Stopped by Ilya Sorokin without a rebound.
16:42 of 1st period - Alex Kerfoot wins face-off versus Dakota Joshua in LAS VEGAS Golden Knights zone.
16:59 of 1st period - Shot by Alex Kerfoot.
16:59 of 1st period - Shot Misses the Net.
17:08 of 1st period - Dakota Joshua is hit by Brady Skjei and loses puck.
17:13 of 1st period - Shot by Lars Eller.
17:13 of 1st period - Shot Blocked by Jack Johnson.
17:15 of 1st period - Shot by Lukas Vejdemo.
17:15 of 1st period - Stopped by Ilya Sorokin without a rebound.
17:16 of 1st period - Alexis Lafreniere wins face-off versus Jayce Hawryluk in LAS VEGAS Golden Knights zone.
17:50 of 1st period - Minor Penalty to David Savard for Cross-checking.
17:51 of 1st period - Colton Sissons wins face-off versus Alex Galchenyuk in ANAHEIM Ducks zone.
17:57 of 1st period - Icing by Alex Galchenyuk.
17:58 of 1st period - Alex Galchenyuk wins face-off versus Colton Sissons in LAS VEGAS Golden Knights zone.
18:08 of 1st period - Alex Galchenyuk is hit by Justin Holl and loses puck.
18:18 of 1st period - Icing by Nick Seeler.
18:19 of 1st period - Alex Galchenyuk wins face-off versus Jake Evans in LAS VEGAS Golden Knights zone.
19:36 of 1st period - Shot by Pavel Zacha.
19:36 of 1st period - Stopped by Kaapo Kahkonen without a rebound.
19:37 of 1st period - Ryan Nugent-Hopkins wins face-off versus Jake Evans in ANAHEIM Ducks zone.
19:37 of 1st period - Ryan Nugent-Hopkins is hit by Justin Holl.
19:41 of 1st period - Shot by J.T. Miller.
19:41 of 1st period - Shot Hit the Post.
19:47 of 1st period - Shot by J.T. Miller.
19:47 of 1st period - Deflect By Pavel Zacha.
19:47 of 1st period - Shot Blocked by Justin Holl.
19:49 of 1st period - Shot by Jakub Zboril.
19:49 of 1st period - Shot Blocked by Gustav Forsling.
Goals for this period are 1 for LAS VEGAS Golden Knights vs 0 for ANAHEIM Ducks .
Shots for this period are 4 for LAS VEGAS Golden Knights vs 5 for ANAHEIM Ducks .

2nd period


0:01 of 2nd period - Evan Rodrigues wins face-off versus Ryan Nugent-Hopkins in neutral zone.
0:30 of 2nd period - Off-side.
0:31 of 2nd period - Elias Lindholm wins face-off versus Alex Galchenyuk in neutral zone.
1:08 of 2nd period - Shot by Andrew Mangiapane.
1:08 of 2nd period - Stopped by Ilya Sorokin without a rebound.
1:09 of 2nd period - Ryan Nugent-Hopkins wins face-off versus Evan Rodrigues in LAS VEGAS Golden Knights zone.
2:48 of 2nd period - Shot by Daniel Sprong.
2:48 of 2nd period - Shot Blocked by Brady Skjei.
2:50 of 2nd period - Shot by Elias Lindholm.
2:50 of 2nd period - Shot Blocked by Brady Skjei.
3:12 of 2nd period - Shot by Andrew Mangiapane.
3:12 of 2nd period - Shot Misses the Net.
3:47 of 2nd period - Icing by Alex Kerfoot.
3:48 of 2nd period - Alexis Lafreniere wins face-off versus Alex Kerfoot in LAS VEGAS Golden Knights zone.
4:28 of 2nd period - Shot by Pavel Zacha.
4:28 of 2nd period - Shot Misses the Net.
4:30 of 2nd period - Shot by J.T. Miller.
4:30 of 2nd period - Stopped by Kaapo Kahkonen without a rebound.
4:31 of 2nd period - Alex Galchenyuk wins face-off versus Dakota Joshua in ANAHEIM Ducks zone.
6:02 of 2nd period - Shot by Pavel Zacha.
6:02 of 2nd period - Stopped by Kaapo Kahkonen with a rebound.
6:04 of 2nd period - Shot by Filip Hronek.
6:04 of 2nd period - Shot Misses the Net.
6:06 of 2nd period - Shot by Filip Hronek.
6:06 of 2nd period - Shot Blocked by Justin Holl.
6:08 of 2nd period - Shot by J.T. Miller.
6:08 of 2nd period - Shot Blocked by Gustav Forsling.
6:19 of 2nd period - Icing by Gustav Forsling.
6:20 of 2nd period - Evan Rodrigues wins face-off versus Jayce Hawryluk in ANAHEIM Ducks zone.
6:20 of 2nd period - Evan Rodrigues is hit by Jayce Hawryluk.
6:33 of 2nd period - Nikita Zaitsev is hit by Jordan Oesterle and loses puck.
6:46 of 2nd period - Shot by Andrew Mangiapane.
6:46 of 2nd period - Stopped by Ilya Sorokin without a rebound.
6:47 of 2nd period - Alex Galchenyuk wins face-off versus Colton Sissons in LAS VEGAS Golden Knights zone.
6:58 of 2nd period - Shot by Luke Kunin.
6:58 of 2nd period - Shot Misses the Net.
8:59 of 2nd period - Shot by J.T. Miller.
8:59 of 2nd period - Stopped by Kaapo Kahkonen without a rebound.
9:00 of 2nd period - Alex Galchenyuk wins face-off versus Evan Rodrigues in ANAHEIM Ducks zone.
9:10 of 2nd period - Ondrej Kase is hit by Brady Skjei.
9:18 of 2nd period - Shot by Ondrej Kase.
9:18 of 2nd period - Shot Blocked by Jack Johnson.
9:19 of 2nd period - Minor Penalty to Brady Skjei for Tripping.
9:20 of 2nd period - Elias Lindholm wins face-off versus Ryan Nugent-Hopkins in LAS VEGAS Golden Knights zone.
9:21 of 2nd period - Shot by Alexis Lafreniere.
9:21 of 2nd period - Stopped by Ilya Sorokin without a rebound.
9:22 of 2nd period - Ryan Nugent-Hopkins wins face-off versus Elias Lindholm in LAS VEGAS Golden Knights zone.
9:37 of 2nd period - Icing by Gustav Forsling.
9:38 of 2nd period - Ryan Nugent-Hopkins wins face-off versus Elias Lindholm in ANAHEIM Ducks zone.
9:56 of 2nd period - Icing by Justin Holl.
9:57 of 2nd period - Ryan Nugent-Hopkins wins face-off versus Elias Lindholm in ANAHEIM Ducks zone.
11:08 of 2nd period - Shot by Ondrej Kase.
11:08 of 2nd period - Shot Misses the Net.
11:31 of 2nd period - Minor Penalty to Brady Skjei for Holding.
11:32 of 2nd period - Elias Lindholm wins face-off versus Ryan Nugent-Hopkins in LAS VEGAS Golden Knights zone.
11:33 of 2nd period - Shot by Justin Holl.
11:33 of 2nd period - Stopped by Ilya Sorokin without a rebound.
11:34 of 2nd period - Ryan Nugent-Hopkins wins face-off versus Elias Lindholm in LAS VEGAS Golden Knights zone.
12:27 of 2nd period - Icing by Ondrej Kase.
12:28 of 2nd period - Colton Sissons wins face-off versus Ryan Nugent-Hopkins in ANAHEIM Ducks zone.
12:47 of 2nd period - Shot by Andrew Mangiapane.
12:47 of 2nd period - Stopped by Ilya Sorokin without a rebound.
12:48 of 2nd period - Ryan Nugent-Hopkins wins face-off versus Colton Sissons in LAS VEGAS Golden Knights zone.
12:57 of 2nd period - Shot by Ondrej Kase.
12:57 of 2nd period - Shot Misses the Net.
12:59 of 2nd period - Shot by Andrew Mangiapane.
12:59 of 2nd period - Goal by Andrew Mangiapane - LAS VEGAS Golden Knights : 1 - ANAHEIM Ducks : 1.
13:00 of 2nd period - Alex Galchenyuk wins face-off versus Dakota Joshua in neutral zone.
13:00 of 2nd period - Luke Kunin is hit by Dakota Joshua and loses puck.
13:12 of 2nd period - Luke Kunin is hit by Justin Holl.
13:30 of 2nd period - Shot by Artem Anisimov.
13:30 of 2nd period - Stopped by Kaapo Kahkonen without a rebound.
13:31 of 2nd period - Evan Rodrigues wins face-off versus Alex Kerfoot in ANAHEIM Ducks zone.
13:31 of 2nd period - Evan Rodrigues is hit by Cole Caufield.
13:52 of 2nd period - David Savard is hit by Jakub Zboril and loses puck.
15:53 of 2nd period - Icing by Dylan Demelo.
15:54 of 2nd period - Colton Sissons wins face-off versus Alex Galchenyuk in ANAHEIM Ducks zone.
16:03 of 2nd period - Shot by Luke Kunin.
16:03 of 2nd period - Shot Misses the Net.
16:05 of 2nd period - Shot by Jakub Zboril.
16:05 of 2nd period - Shot Blocked by Jordan Oesterle.
16:13 of 2nd period - Alex Galchenyuk is hit by Jordan Oesterle and loses puck.
16:14 of 2nd period - Minor Penalty to Dylan Demelo for High sticking.
16:15 of 2nd period - Colton Sissons wins face-off versus Alex Galchenyuk in ANAHEIM Ducks zone.
16:43 of 2nd period - Shot by Artem Anisimov.
16:43 of 2nd period - Deflect By Luke Kunin.
16:43 of 2nd period - Shot Misses the Net.
16:52 of 2nd period - Off-side.
16:53 of 2nd period - Ryan Nugent-Hopkins wins face-off versus Jake Evans in neutral zone.
17:08 of 2nd period - Shot by Nick Seeler.
17:08 of 2nd period - Shot Misses the Net.
17:10 of 2nd period - Shot by J.T. Miller.
17:10 of 2nd period - Stopped by Kaapo Kahkonen with a rebound.
17:18 of 2nd period - Shot by Ryan Nugent-Hopkins.
17:18 of 2nd period - Shot Blocked by Justin Holl.
17:20 of 2nd period - Shot by Nikita Zaitsev.
17:20 of 2nd period - Shot Misses the Net.
18:38 of 2nd period - Sonny Milano is hit by Alex Kerfoot and loses puck.
19:42 of 2nd period - Shot by Keegan Kolesar.
19:42 of 2nd period - Shot Blocked by Gustav Forsling.
19:44 of 2nd period - Shot by Jayce Hawryluk.
19:44 of 2nd period - Goal by Jayce Hawryluk - LAS VEGAS Golden Knights : 2 - ANAHEIM Ducks : 1.
19:45 of 2nd period - Colton Sissons wins face-off versus Alex Galchenyuk in neutral zone.
19:45 of 2nd period - Colton Sissons is hit by Luke Kunin.
19:50 of 2nd period - Minor Penalty to Jakub Zboril for Tripping.
19:51 of 2nd period - Pavel Zacha wins face-off versus Elias Lindholm in LAS VEGAS Golden Knights zone.
Goals for this period are 1 for LAS VEGAS Golden Knights vs 1 for ANAHEIM Ducks .
Shots for this period are 6 for LAS VEGAS Golden Knights vs 6 for ANAHEIM Ducks .

3rd period


0:01 of 3rd period - Elias Lindholm wins face-off versus Ryan Nugent-Hopkins in neutral zone.
0:04 of 3rd period - Shot by Alexis Lafreniere.
0:04 of 3rd period - Stopped by Ilya Sorokin without a rebound.
0:05 of 3rd period - Elias Lindholm wins face-off versus Ryan Nugent-Hopkins in LAS VEGAS Golden Knights zone.
0:06 of 3rd period - Shot by Alexis Lafreniere.
0:06 of 3rd period - Shot Misses the Net.
0:08 of 3rd period - Shot by David Savard.
0:08 of 3rd period - Goal by David Savard - LAS VEGAS Golden Knights : 2 - ANAHEIM Ducks : 2.
0:09 of 3rd period - Ryan Nugent-Hopkins wins face-off versus Evan Rodrigues in neutral zone.
0:12 of 3rd period - Shot by Jakub Zboril.
0:12 of 3rd period - Shot Misses the Net.
0:14 of 3rd period - Shot by Ryan Nugent-Hopkins.
0:14 of 3rd period - Shot Misses the Net.
0:20 of 3rd period - Shot by Ryan Nugent-Hopkins.
0:20 of 3rd period - Shot Misses the Net.
0:22 of 3rd period - Shot by Filip Hronek.
0:22 of 3rd period - Shot Misses the Net.
0:24 of 3rd period - Shot by Filip Hronek.
0:24 of 3rd period - Stopped by Kaapo Kahkonen without a rebound.
0:25 of 3rd period - Alex Galchenyuk wins face-off versus Elias Lindholm in ANAHEIM Ducks zone.
1:11 of 3rd period - Icing by Nick Seeler.
1:12 of 3rd period - Evan Rodrigues wins face-off versus Alex Galchenyuk in LAS VEGAS Golden Knights zone.
2:18 of 3rd period - Shot by Alexis Lafreniere.
2:18 of 3rd period - Stopped by Ilya Sorokin without a rebound.
2:19 of 3rd period - Alex Kerfoot wins face-off versus Elias Lindholm in LAS VEGAS Golden Knights zone.
2:19 of 3rd period - Alex Kerfoot is hit by Elias Lindholm.
2:25 of 3rd period - Philip Kurashev is hit by Elias Lindholm.
2:32 of 3rd period - Icing by Gustav Forsling.
2:33 of 3rd period - Alex Kerfoot wins face-off versus Elias Lindholm in ANAHEIM Ducks zone.
2:53 of 3rd period - Daniel Sprong is hit by Jack Johnson and loses puck.
2:58 of 3rd period - Shot by Andrew Mangiapane.
2:58 of 3rd period - Goal by Andrew Mangiapane - LAS VEGAS Golden Knights : 2 - ANAHEIM Ducks : 3.
2:59 of 3rd period - Colton Sissons wins face-off versus Ryan Nugent-Hopkins in neutral zone.
3:02 of 3rd period - J.T. Miller is hit by Alexis Lafreniere and loses puck.
3:24 of 3rd period - Shot by Colton Sissons.
3:24 of 3rd period - Shot Misses the Net.
3:32 of 3rd period - Minor Penalty to Ryan Nugent-Hopkins for Hooking.
3:33 of 3rd period - Elias Lindholm wins face-off versus Cole Caufield in LAS VEGAS Golden Knights zone.
4:08 of 3rd period - Shot by Evan Rodrigues.
4:08 of 3rd period - Shot Misses the Net.
4:10 of 3rd period - Shot by Elias Lindholm.
4:10 of 3rd period - Shot Misses the Net.
4:12 of 3rd period - Shot by Alexis Lafreniere.
4:12 of 3rd period - Shot Misses the Net.
4:46 of 3rd period - Icing by Ondrej Kase.
4:47 of 3rd period - Colton Sissons wins face-off versus Alex Galchenyuk in ANAHEIM Ducks zone.
4:52 of 3rd period - Shot by Gustav Forsling.
4:52 of 3rd period - Stopped by Ilya Sorokin without a rebound.
4:53 of 3rd period - Elias Lindholm wins face-off versus Pavel Zacha in LAS VEGAS Golden Knights zone.
5:00 of 3rd period - Shot by Elias Lindholm.
5:00 of 3rd period - Stopped by Ilya Sorokin without a rebound.
5:01 of 3rd period - Colton Sissons wins face-off versus Cole Caufield in LAS VEGAS Golden Knights zone.
5:35 of 3rd period - Icing by Jack Johnson.
5:36 of 3rd period - Keegan Kolesar wins face-off versus Dakota Joshua in LAS VEGAS Golden Knights zone.
5:46 of 3rd period - Off-side.
5:47 of 3rd period - Daniel Sprong wins face-off versus Alex Galchenyuk in neutral zone.
6:22 of 3rd period - Shot by Alex Galchenyuk.
6:22 of 3rd period - Shot Misses the Net.
6:23 of 3rd period - Minor Penalty to David Savard for Hooking.
6:24 of 3rd period - Colton Sissons wins face-off versus Ryan Nugent-Hopkins in ANAHEIM Ducks zone.
6:47 of 3rd period - Shot by J.T. Miller.
6:47 of 3rd period - Shot Misses the Net.
6:49 of 3rd period - Shot by Nick Seeler.
6:49 of 3rd period - Shot Misses the Net.
6:51 of 3rd period - Shot by J.T. Miller.
6:51 of 3rd period - Shot Misses the Net.
6:53 of 3rd period - Shot by Nikita Zaitsev.
6:53 of 3rd period - Stopped by Kaapo Kahkonen without a rebound.
6:54 of 3rd period - Alex Galchenyuk wins face-off versus Jake Evans in ANAHEIM Ducks zone.
7:25 of 3rd period - Shot by Filip Hronek.
7:25 of 3rd period - Shot Misses the Net.
7:27 of 3rd period - Shot by Filip Hronek.
7:27 of 3rd period - Goal by Filip Hronek - LAS VEGAS Golden Knights : 3 - ANAHEIM Ducks : 3.
7:28 of 3rd period - Sonny Milano wins face-off versus Ryan Nugent-Hopkins in neutral zone.
8:09 of 3rd period - Icing by Evan Rodrigues.
8:10 of 3rd period - Evan Rodrigues wins face-off versus Alex Galchenyuk in ANAHEIM Ducks zone.
8:59 of 3rd period - Shot by Elias Lindholm.
8:59 of 3rd period - Shot Misses the Net.
9:01 of 3rd period - Shot by David Savard.
9:01 of 3rd period - Stopped by Ilya Sorokin without a rebound.
9:02 of 3rd period - Ryan Nugent-Hopkins wins face-off versus Colton Sissons in LAS VEGAS Golden Knights zone.
9:02 of 3rd period - Ryan Nugent-Hopkins is hit by Colton Sissons.
9:07 of 3rd period - Off-side.
9:08 of 3rd period - Ryan Nugent-Hopkins wins face-off versus Colton Sissons in neutral zone.
9:51 of 3rd period - Shot by J.T. Miller.
9:51 of 3rd period - Shot Misses the Net.
9:53 of 3rd period - Shot by Pavel Zacha.
9:53 of 3rd period - Stopped by Kaapo Kahkonen without a rebound.
9:54 of 3rd period - Philip Kurashev wins face-off versus Ondrej Kase in ANAHEIM Ducks zone.
10:05 of 3rd period - Shot by Cole Caufield.
10:05 of 3rd period - Stopped by Kaapo Kahkonen without a rebound.
10:06 of 3rd period - Andrew Mangiapane wins face-off versus Alex Galchenyuk in ANAHEIM Ducks zone.
11:28 of 3rd period - Icing by Caleb Jones.
11:29 of 3rd period - Evan Rodrigues wins face-off versus Cole Caufield in ANAHEIM Ducks zone.
11:38 of 3rd period - Shot by Evan Rodrigues.
11:38 of 3rd period - Shot Hit the Post.
11:40 of 3rd period - Shot by Evan Rodrigues.
11:40 of 3rd period - Stopped by Ilya Sorokin with a rebound.
12:52 of 3rd period - Shot by Alexis Lafreniere.
12:52 of 3rd period - Stopped by Ilya Sorokin without a rebound.
12:53 of 3rd period - Alex Galchenyuk wins face-off versus Dakota Joshua in LAS VEGAS Golden Knights zone.
12:57 of 3rd period - Filip Hronek is hit by Dakota Joshua and loses puck.
13:13 of 3rd period - Filip Hronek is hit by Justin Holl and loses puck.
13:25 of 3rd period - Icing by Gustav Forsling.
13:26 of 3rd period - J.T. Miller wins face-off versus Dakota Joshua in ANAHEIM Ducks zone.
13:28 of 3rd period - Ryan Nugent-Hopkins is hit by Justin Holl and loses puck.
14:45 of 3rd period - Minor Penalty to Luke Kunin for Diving.
14:46 of 3rd period - Elias Lindholm wins face-off versus Cole Caufield in LAS VEGAS Golden Knights zone.
15:21 of 3rd period - Shot by Caleb Jones.
15:21 of 3rd period - Stopped by Ilya Sorokin without a rebound.
15:22 of 3rd period - Colton Sissons wins face-off versus Ryan Nugent-Hopkins in LAS VEGAS Golden Knights zone.
15:23 of 3rd period - Shot by Ondrej Kase.
15:23 of 3rd period - Stopped by Ilya Sorokin without a rebound.
15:24 of 3rd period - Colton Sissons wins face-off versus Ryan Nugent-Hopkins in LAS VEGAS Golden Knights zone.
16:17 of 3rd period - Shot by Cole Caufield.
16:17 of 3rd period - Shot Misses the Net.
16:31 of 3rd period - Icing by Gustav Forsling.
16:32 of 3rd period - J.T. Miller wins face-off versus Colton Sissons in ANAHEIM Ducks zone.
18:05 of 3rd period - Shot by Andrew Mangiapane.
18:05 of 3rd period - Shot Misses the Net.
18:07 of 3rd period - Shot by Elias Lindholm.
18:07 of 3rd period - Shot Misses the Net.
18:26 of 3rd period - Shot by Elias Lindholm.
18:26 of 3rd period - Shot Misses the Net.
18:46 of 3rd period - Shot by Ondrej Kase.
18:46 of 3rd period - Stopped by Ilya Sorokin without a rebound.
18:47 of 3rd period - Colton Sissons wins face-off versus Ryan Nugent-Hopkins in LAS VEGAS Golden Knights zone.
19:08 of 3rd period - Shot by Colton Sissons.
19:08 of 3rd period - Shot Misses the Net.
19:15 of 3rd period - Icing by Ryan Nugent-Hopkins.
19:16 of 3rd period - Ryan Nugent-Hopkins wins face-off versus Evan Rodrigues in LAS VEGAS Golden Knights zone.
19:23 of 3rd period - Shot by Evan Rodrigues.
19:23 of 3rd period - Shot Blocked by Filip Hronek.
19:25 of 3rd period - Shot by Dylan Demelo.
19:25 of 3rd period - Shot Blocked by Jakub Zboril.
19:31 of 3rd period - Shot by Sonny Milano.
19:31 of 3rd period - Shot Misses the Net.
19:32 of 3rd period - Minor Penalty to Jakub Zboril for Elbowing.
19:33 of 3rd period - Elias Lindholm wins face-off versus Ryan Nugent-Hopkins in LAS VEGAS Golden Knights zone.
19:36 of 3rd period - Shot by David Savard.
19:36 of 3rd period - Shot Misses the Net.
19:46 of 3rd period - Shot by Alexis Lafreniere.
19:46 of 3rd period - Shot Misses the Net.
19:48 of 3rd period - Shot by Evan Rodrigues.
19:48 of 3rd period - Stopped by Ilya Sorokin without a rebound.
19:49 of 3rd period - Colton Sissons wins face-off versus Ryan Nugent-Hopkins in LAS VEGAS Golden Knights zone.
19:52 of 3rd period - Shot by Ondrej Kase.
19:52 of 3rd period - Stopped by Ilya Sorokin without a rebound.
19:53 of 3rd period - Elias Lindholm wins face-off versus Ryan Nugent-Hopkins in LAS VEGAS Golden Knights zone.
Goals for this period are 1 for LAS VEGAS Golden Knights vs 2 for ANAHEIM Ducks .
Shots for this period are 5 for LAS VEGAS Golden Knights vs 14 for ANAHEIM Ducks .

Overtime #1


0:01 of 1st overtime period - Lars Eller wins face-off versus Ryan Nugent-Hopkins in neutral zone.
0:08 of 1st overtime period - Shot by Dylan Demelo.
0:08 of 1st overtime period - Shot Misses the Net.
0:30 of 1st overtime period - Shot by Daniel Sprong.
0:30 of 1st overtime period - Stopped by Ilya Sorokin with a rebound.
1:35 of 1st overtime period - Shot by Ondrej Kase.
1:35 of 1st overtime period - Shot Misses the Net.
2:01 of 1st overtime period - Shot by Ondrej Kase.
2:01 of 1st overtime period - Stopped by Ilya Sorokin without a rebound.
2:02 of 1st overtime period - Dakota Joshua wins face-off versus Pavel Zacha in LAS VEGAS Golden Knights zone.
2:07 of 1st overtime period - Shot by Caleb Jones.
2:07 of 1st overtime period - Shot Misses the Net.
2:27 of 1st overtime period - Shot by Dakota Joshua.
2:27 of 1st overtime period - Shot Misses the Net.
2:48 of 1st overtime period - Icing by David Savard.
2:49 of 1st overtime period - Alex Kerfoot wins face-off versus Lukas Vejdemo in ANAHEIM Ducks zone.
3:04 of 1st overtime period - Shot by Alex Kerfoot.
3:04 of 1st overtime period - Shot Blocked by Lukas Vejdemo.
3:07 of 1st overtime period - Icing by Daniel Sprong.
3:08 of 1st overtime period - Philip Kurashev wins face-off versus Lukas Vejdemo in ANAHEIM Ducks zone.
3:09 of 1st overtime period - Shot by Alex Galchenyuk.
3:09 of 1st overtime period - Stopped by Kaapo Kahkonen without a rebound.
3:10 of 1st overtime period - Dakota Joshua wins face-off versus Pavel Zacha in ANAHEIM Ducks zone.
3:34 of 1st overtime period - Shot by Caleb Jones.
3:34 of 1st overtime period - Shot Misses the Net.
3:36 of 1st overtime period - Shot by Ondrej Kase.
3:36 of 1st overtime period - Deflect By Dakota Joshua.
3:36 of 1st overtime period - Stopped by Ilya Sorokin without a rebound.
3:37 of 1st overtime period - Dakota Joshua wins face-off versus Alex Kerfoot in LAS VEGAS Golden Knights zone.
4:02 of 1st overtime period - Shot by Ondrej Kase.
4:02 of 1st overtime period - Stopped by Ilya Sorokin without a rebound.
4:03 of 1st overtime period - Lukas Vejdemo wins face-off versus Pavel Zacha in LAS VEGAS Golden Knights zone.
4:20 of 1st overtime period - Shot by Lukas Vejdemo.
4:20 of 1st overtime period - Shot Misses the Net.
4:47 of 1st overtime period - Icing by Lukas Vejdemo.
4:48 of 1st overtime period - Lukas Vejdemo wins face-off versus Alex Kerfoot in ANAHEIM Ducks zone.
Goals for this period are 0 for LAS VEGAS Golden Knights vs 0 for ANAHEIM Ducks .
Shots for this period are 1 for LAS VEGAS Golden Knights vs 4 for ANAHEIM Ducks .

ShootOut


5:00 of 1st overtime period - Round #1.
5:00 of 1st overtime period - LAS VEGAS Golden Knights, Ryan Nugent-Hopkins.
5:00 of 1st overtime period - Stopped by Kaapo Kahkonen.
5:00 of 1st overtime period - ANAHEIM Ducks , Elias Lindholm.
5:00 of 1st overtime period - Goal by Elias Lindholm.
5:00 of 1st overtime period - Round #2.
5:00 of 1st overtime period - LAS VEGAS Golden Knights, Pavel Zacha.
5:00 of 1st overtime period - Goal by Pavel Zacha.
5:00 of 1st overtime period - ANAHEIM Ducks , Andrew Mangiapane.
5:00 of 1st overtime period - Stopped by Ilya Sorokin.
5:00 of 1st overtime period - Round #3.
5:00 of 1st overtime period - LAS VEGAS Golden Knights, J.T. Miller.
5:00 of 1st overtime period - Goal by J.T. Miller.
5:00 of 1st overtime period - ANAHEIM Ducks , Alexis Lafreniere.
5:00 of 1st overtime period - Goal by Alexis Lafreniere.
5:00 of 1st overtime period - Round #4.
5:00 of 1st overtime period - LAS VEGAS Golden Knights, Alex Galchenyuk.
5:00 of 1st overtime period - Stopped by Kaapo Kahkonen.
5:00 of 1st overtime period - ANAHEIM Ducks , Ondrej Kase.
5:00 of 1st overtime period - Goal by Ondrej Kase.